 Dungeon Crawl Stone Soup version 0.29-a0-284-gf9362112df (webtiles) character file.

Game seed: 18149123042130981

1970 spaghetti the Grappler (level 9, -2/60 HPs)
             Began as a Djinni Cinder Acolyte on Mar 26, 2022.
             Was an Initiate of Ignis.
             Killed by the air
             ... invoked by Gastronok
              (37 damage)
             ... on level 8 of the Dungeon.
             The game lasted 00:13:44 (10848 turns).

spaghetti the Grappler (Djinni Cinder Acolyte)     Turns: 10848, Time: 00:13:45

Health: -2/60      AC:  3    Str: 15    XL:     9   Next: 43%
Gold:   369        EV: 11    Int: 15    God:    Ignis [......] SH:  5 Dex: 16

rFire   + + +      SeeInvis .     - Unarmed
rCold   x x .      Faith    .   (no shield)
rNeg    . . .      Spirit   .   a - +0 robe
rPois   ∞          Reflect  +   (no helmet)
rElec   .          Harm     .   (no cloak)
rCorr   +          Rampage  .   r - +0 pair of gloves
Will    .....                   (boots unavailable)
Stlth   +.........              B - amulet of reflection
HPRegen 0.20/turn               b - +6 ring of dexterity
MPRegen 0.00/turn               n - ring "Xumiafoyny" {Fire rCorr Int-2 Slay+5}

@: flying
A: sickness immunity, fire resistance 2, cold vulnerability 1, float, innate
caster, HP casting, extra vitality 1
a: Renounce Religion, Rising Flame


You were on level 8 of the Dungeon.
You worshipped Ignis.
Ignis was noncommittal.
You visited 1 branch of the dungeon, and saw 8 of its levels.
You also visited: Sewer.

You collected 369 gold pieces.


Innate Abilities, Weirdness & Mutations

You are immune to sickness and miasma.
You are immune to poison.
Your flesh is very heat resistant. (rF++)
You are vulnerable to cold. (rC-)
You float through the air rather than walking.
You learn spells naturally, not from books.
Your magical power is your life essence.
You have superior vitality. (+4 MHP)


   Skills:
 - Level 3.0 Fighting
 + Level 12.1 Unarmed Combat
 - Level 2.4 Spellcasting


You couldn't memorise any spells.
You knew the following spells:

 Your Spells              Type           Power      Damage    Failure   Level
a - Scorch                Fire           26%        2d6       12%         2
b - Animate Skeleton      Necr           18%        N/A       8%          1
c - Corpse Rot            Necr/Air       18%        N/A       12%         2
d - Ozocubu's Armour      Ice            9%         N/A       24%         3
e - Flame Wave            Conj/Fire      13%        2d6       61%         4
Your spell library was empty.

Inventory:

Missiles
 c - 282 stones (quivered) {throwing}
 s - 20 poisoned darts {throwing}
 C - a curare-tipped dart {=fthrowing}
 E - 3 datura-tipped darts {throwing}
Armour
 a - a +0 robe (worn)
 r - a +0 pair of gloves (worn)
   (You found it on level 5 of the Dungeon)
Jewellery
 b - a +6 ring of dexterity (left hand)
   (You took it off a hobgoblin on level 1 of the Dungeon)
 d - a ring of flight
   (You found it on level 1 of the Dungeon)
 n - the ring "Xumiafoyny" (right hand) {Fire rCorr Int-2 Slay+5}
   (You acquired it on level 5 of the Dungeon)

   [ring of fire]

   It enhances your fire magic.
   Int:       It affects your intelligence (-2).
   Slay:      It affects your accuracy & damage with ranged weapons and melee
   (+5).
   rF:        It protects you from fire.
   rC:        It makes you vulnerable to cold.
   rCorr:     It protects you from acid and corrosion.
 w - a ring of see invisible
   (You found it on level 5 of the Dungeon)
 B - an amulet of reflection (around neck)
   (You found it on level 6 of the Dungeon)
Wands
 k - a wand of charming (3)
   (You took it off Ijyb on level 4 of the Dungeon)
 o - a wand of iceblast (14)
   (You found it on level 4 of the Dungeon)
 v - a wand of polymorph (7)
   (You found it on level 5 of the Dungeon)
 x - a wand of mindburst (6)
   (You found it on level 5 of the Dungeon)
Scrolls
 f - 2 scrolls of amnesia
 g - 2 scrolls of magic mapping {!r}
 i - 4 scrolls of teleportation {@r4}
 l - 2 scrolls of brand weapon
 p - a scroll of fog
 u - a scroll of enchant weapon
 y - a scroll of immolation {!r!r}
 A - a scroll of holy word
 F - 3 scrolls of identify {@r1}
Potions
 e - a potion of flight
 h - a potion of mutation {!q}
 j - 2 potions of curing {@q1}
 m - a potion of attraction {!q}
 q - 3 potions of haste {@q3}
 t - a potion of might
 z - a potion of berserk rage {unknown}
 D - a potion of heal wounds {unknown}

Dungeon Overview and Level Annotations

Branches:
Dungeon (8/15)             Temple (0/1) D:4           Sewer (visited)
   Lair: D:8-11

Altars:
Dithmenos

Shops:
D:6 [

Annotations:
D:3 Natasha
D:8 Gastronok, Pikel, Prince Ribbit

....... ##c#...##
# ##....... ..
#.....w# ###..#
#$..###....###
##.#..#........
#..##...# .....
#.#.....#......
....5...@.......
###.#########.....
#....###### ....
#.........# ...
#......?..#
#.)........
#.h.K......
#.<.55..F..
#.....###5.....


You could see Gastronok, a lemure and a centaur.


Message History

A lemure comes into view.
Pikel, Merchant of Souls comes into view.
He is wielding a +0 whip of flaming and carrying a wand of paralysis (9).
Something shouts, "Remove thy stench, thou euchred doghearted nobody!"
Pikel shouts!
There is a stone staircase leading up here.
There are monsters nearby!
A lemure and a white imp come into view.
The lemure shouts!
The white imp shouts!
You hear a shout!
You hear a howl!
A howler monkey comes into view.
The white imp gestures at you. The puff of frost hits you!
You feel a terrible chill! 😮 HP[-16]
You take 16 damage, and now have 44/60 hp.
MASSIVE DAMAGE!! (PAUSE)
Casting: Scorch (safe; 12% risk of failure)
Confirm with . or Enter, or press ? or * to list all spells.
You can't see any susceptible monsters within range! (Use Z to cast anyway.)
The white imp shouts, "Turn tail, thou vain motley-minded vassal!"
The white imp gestures at you. The puff of frost misses you.
The howler monkey hoots and howls with incredible vigour!
You hear a loud, deep croak!
You hear a shout!
There is a stone staircase leading up here.
Throw: 283 stones {throwing}
Press: ? - help, Q - select action, (/) - cycle Shift-Dir - straight line, f - lemure
Aim: a lemure (60% to hit)
You throw a stone {throwing}. The stone {throwing} hits the lemure.
Casting: Scorch (safe; 12% risk of failure)
Confirm with . or Enter, or press ? or * to list all spells.
You feel a surge of power!
Flames lash the lemure.
The lemure's fire resistance burns away.
A bullfrog comes into view. 😮 HP[-1]
You take 1 damage, and now have 43/60 hp.
The lemure closely misses you.
You fly upwards.
There is a stone staircase leading down here.
Casting: Scorch (safe; 12% risk of failure)
Confirm with . or Enter, or press ? or * to list all spells.
You feel a surge of power!
Flames lash the lemure.
The lemure is burned terribly!
The lemure closely misses you. 😮 HP[-2]
You take 2 damage, and now have 41/60 hp.
Casting: Scorch (safe; 12% risk of failure)
Confirm with . or Enter, or press ? or * to list all spells.
You feel a surge of power!
Flames lash the lemure but do no damage.
The lemure hits you! 😮 HP[-9]
You take 9 damage, and now have 32/60 hp.
Casting: Scorch (safe; 12% risk of failure)
Confirm with . or Enter, or press ? or * to list all spells.
You feel a surge of power!
Flames lash the lemure.
The lemure is burned terribly!
* * * LOW HITPOINT WARNING * * *
The lemure hits you but does no damage. 😮 HP[-1]
You take 1 damage, and now have 31/60 hp.
Casting: Scorch (safe; 12% risk of failure)
Confirm with . or Enter, or press ? or * to list all spells.
You feel a surge of power!
Flames lash the lemure.
The lemure is burned terribly!
You kill the lemure!
That felt strangely unrewarding.
* * * LOW HITPOINT WARNING * * *
😨 HP[-2]
You take 2 damage, and now have 29/60 hp.
There is a stone staircase leading up here.
There is a stone staircase leading down here. 😮 HP[+7]
You regained 7 hp, and now have 36/60 hp.
You start resting. 😎 HP[+24]
Your hp is fully restored (60).
You fly downwards.
Level annotation: Pikel, Prince Ribbit
There is a stone staircase leading up here.
A centaur comes into view.
A centaur is nearby!
A centaur is nearby!
Gastronok the Ponderous comes into view.
Gastronok gurgles horribly!
The lemure shouts!
You hear a shout!
The centaur wields a +0 shortbow.
The centaur shoots an arrow.
The arrow hits you! 😕 HP[-8]
You take 8 damage, and now have 52/60 hp.
The centaur shoots an arrow.
The arrow hits you! 😮 HP[-13]
You take 13 damage, and now have 39/60 hp.
MASSIVE DAMAGE!! (PAUSE)
The centaur shoots an arrow.
The arrow misses you.
The centaur shoots an arrow.
The arrow hits you. 😮 HP[-5]
You take 5 damage, and now have 34/60 hp. 😮 HP[+1] Gastronok waves his eye-stalks in wide circles.
The air twists around and strikes you!!!
Ouch! That really hurt!
You die...

Skill      XL: |  1  2  3  4  5  6  7  8  9 |
---------------+----------------------------+-----
Unarmed Combat | 4 5 6 7 8 10 12 | 12.1
Fighting       | |  3.0
Spellcasting   | |  2.4

Action                   |  1- 3 |  4- 6 |  7- 9 || total
-------------------------+-------+-------+-------++-------
Melee: Unarmed           |    56 |    12 |   126 ||   194
       Punch             |     1 |       |     8 ||     9
Throw: Stone             |       |       |    26 ||    26
 Cast: Scorch            |    30 |    73 |    95 ||   198
       Animate Skeleton  |       |     1 |       ||     1
       Ozocubu's Armour  |       |       |     2 ||     2
Invok: Foxfire Swarm     |     1 |       |     6 ||     7
       Fiery Armour      |     1 |       |     1 ||     2
  Use: Scroll            |     1 |     6 |     5 ||    12
       Potion            |       |     6 |     3 ||     9
 Stab: Sleeping          |       |       |     2 ||     2
Armor: Robe              |    30 |     6 |    33 ||    69
Dodge: Dodged            |    49 |    17 |    85 ||   151
Block: Other             |       |       |    15 ||    15
       Reflection        |       |       |     3 ||     3

Levels and vault maps discovered:
D:1:      nagdon_arrival_double_spiral, layout_rooms,
          chequers_serial_rivers_large_a
D:2:      layout_basic, uniq_jessica
D:3:      layout_loops_ring, dreamdust_ecumenical_altar_hidden_monk_grotto,
          uniq_natasha
D:4:      layout_basic, grunt_dithmenos_smoke_and_mirrors,
          minmay_temple_entry_glassed_door, uniq_ijyb
D:5:      layout_gridville, portal_sewer_entry_e
D:6:      layout_gridville, serial_shops, kennysheep_mini_moat
D:7:      layout_loops_corners
D:8:      layout_rooms, grunt_ministairs_13, uniq_gastronok, uniq_pikel,
          uniq_maurice, uniq_erica, uniq_prince_ribbit1

Notes
Turn   | Place    | Note
-------+----------+-------------------------------------------
     0 | D:1      | spaghetti the Djinni Cinder Acolyte began the quest for the
                  | Orb.
     0 | D:1      | Reached XP level 1. HP: 20/20 MP: 0/0
     0 | D:1      | magus.rc [v1.9.6]
   113 | D:1      | Reached XP level 2. HP: 13/25 MP: 0/0
   529 | D:1      | HP: 4/25 [hobgoblin (3)]
   533 | D:1      | Reached skill level 4 in Unarmed Combat
   533 | D:1      | Reached XP level 3. HP: 5/30 MP: 0/0
   533 | D:1      | Learned a level 1 spell: Animate Skeleton
   537 | D:1      | HP: 5/30 [giant cockroach (1)]
  1595 | D:2      | Noticed Jessica
  1598 | D:2      | Killed Jessica
  1599 | D:2      | Reached skill level 5 in Unarmed Combat
  1599 | D:2      | Reached XP level 4. HP: 31/35 MP: 0/0
  1984 | D:2      | Reached XP level 5. HP: 20/40 MP: 0/0
  1984 | D:2      | Learned a level 2 spell: Corpse Rot
  3693 | D:3      | Noticed Natasha
  3696 | D:3      | Killed Natasha
  3697 | D:3      | Reached skill level 6 in Unarmed Combat
  3785 | D:3      | Noticed Natasha
  3787 | D:3      | Killed Natasha
  3788 | D:3      | Reached XP level 6. HP: 42/46 MP: 0/0
  3843 | D:3      | Found a faded altar of an unknown god.
  4011 | D:3      | Noticed Natasha
  4248 | D:4      | Reached skill level 7 in Unarmed Combat
  4253 | D:4      | Reached XP level 7. HP: 34/50 MP: 0/0
  4253 | D:4      | Learned a level 3 spell: Ozocubu's Armour
  4621 | D:4      | Noticed Ijyb
  4639 | D:4      | Killed Ijyb
  4834 | D:4      | Found a shadowy altar of Dithmenos.
  4874 | D:4      | HP: 9/50 [orc priest/+0 trident (7)]
  4888 | D:4      | Reached skill level 8 in Unarmed Combat
  5606 | D:4      | Found a staircase to the Ecumenical Temple.
  5668 | D:5      | Entered Level 5 of the Dungeon
  5951 | D:5      | Reached XP level 8. HP: 39/56 MP: 0/0
  6129 | D:5      | Found a glowing drain.
  6136 | Sewer    | Entered a sewer
  6202 | Sewer    | Noticed Pargi
  6211 | Sewer    | Killed Pargi
  6212 | Sewer    | Reached skill level 9 in Unarmed Combat
  6730 | D:5      | HP: 11/56 [iguana (7)]
  7153 | D:5      | Identified a scroll of acquirement
  7153 | D:5      | Acquired the ring "Xumiafoyny" {Fire rCorr Int-2 Slay+5}
  7444 | D:6      | Reached skill level 10 in Unarmed Combat
  7608 | D:6      | Found Toybam's Antique Armour Boutique.
  8267 | D:6      | HP: 10/56 [kobold brigand/+0 short sword (6)]
  8269 | D:6      | Reached XP level 9. HP: 11/60 MP: 0/0
  8269 | D:6      | Learned a level 4 spell: Flame Wave
  8533 | D:6      | Reached skill level 11 in Unarmed Combat
 10055 | D:7      | Reached skill level 12 in Unarmed Combat
 10543 | D:8      | Noticed Prince Ribbit
 10673 | D:8      | Noticed Pikel
 10844 | D:8      | Noticed Gastronok
 10848 | D:8      | Killed from afar by Gastronok

Vanquished Creatures
  A sky beast (D:7)
  2 ice beasts
  Pargi (Sewer)
  A lemure (D:7)
  2 phantoms
  2 kobold brigands
  3 necrophages
  6 scorpions
  4 howler monkeys (D:7)
  2 orc priests (D:4)
  A hound (D:4)
  Jessica (D:2)
  Ijyb (D:4)
  Natasha (twice) (D:3)
  4 iguanas
  3 orc wizards
  2 river rats (D:5)
  10 adders
  A shadow imp (D:6)
  6 white imps
  An ufetubus (D:4)
  2 worms
  6 orcs
  5 endoplasms
  7 giant cockroaches
  5 goblins
  6 hobgoblins
  9 jackals (D:1)
  19 kobolds
  4 quokkas
  9 ball pythons
  4 bats
  2 frilled lizards
  9 rats
143 creatures vanquished.

Vanquished Creatures (others)
  A kobold (D:7)
  77 foxfires
  2 plants (D:3)
80 creatures vanquished.

Grand Total: 223 creatures vanquished

Table legend:
 A = Non-vault XP
 B = Vault XP
 C = Vault XP percentage of total XP
 D = Non-vault monster count
 E = Vault monster count
 F = Vault count percentage of total count
                 A         B        C        D         E       F
            +---------+---------+-------+---------+---------+-------
      Total |    2521 |     294 |  10.4 |     125 |      17 |  12.0
            +---------+---------+-------+---------+---------+-------
        D:1 |      59 |       0 |   0.0 |      36 |       0 |   0.0
        D:2 |      67 |      37 |  35.6 |      18 |       1 |   5.3
        D:3 |     190 |      35 |  15.6 |      14 |       1 |   6.7
        D:4 |     382 |      36 |   8.6 |      15 |       1 |   6.2
        D:5 |     518 |      51 |   9.0 |       7 |       8 |  53.3
        D:6 |     661 |       0 |   0.0 |      19 |       0 |   0.0
        D:7 |     641 |       0 |   0.0 |      15 |       0 |   0.0
        D:8 |       3 |       0 |   0.0 |       1 |       0 |   0.0
      Sewer |       0 |     135 | 100.0 |       0 |       6 | 100.0
            +---------+---------+-------+---------+---------+-------

Illustrated notes

Table legend:
 A = Kills in this place as a percentage of kills in entire the game.
 B = Kills by you in this place as a percentage of kills by you in the entire game.
 C = Kills by friends in this place as a percentage of kills by friends in the entire game.
 D = Other kills in this place as a percentage of other kills in the entire game.
 E = Experience gained in this place as a percentage of experience gained in the entire game.
 F = Experience gained in this place divided by the number of levels of this place that you have seen.
                   A       B       C       D       E      F
               +-------+-------+-------+-------+-------+----------------------
         Total | 100.0 | 100.0 |   N/A |   N/A | 100.0 | 312.8
       Dungeon |  95.8 |  95.8 |   N/A |   N/A |  95.2 | 335.0
         Sewer |   4.2 |   4.2 |   N/A |   N/A |   4.8 | 135.0
               +-------+-------+-------+-------+-------+----------------------

Table legend: (Time is in decaauts)
 A = Elapsed time spent in this place.
 B = Non-inter-level travel time spent in this place.
 C = Inter-level travel time spent in this place.
 D = Time resting spent in this place.
 E = Time spent auto-exploring this place.
 F = Levels seen in this place.
 G = Mean time per level.
                   A        B        C        D        E       F      G
               +--------+--------+--------+--------+--------+-----+--------+
         Total |  10824 |  10551 |    273 |   2411 |   7196 |   9 | 1202.7 |
       Dungeon |  10512 |  10239 |    273 |   2278 |   7071 |   8 | 1314.0 |
         Sewer |    312 |    312 |      0 |    133 |    125 |   1 |  312.0 |
               +--------+--------+--------+--------+--------+-----+--------+

Top non-repeatable levels by time:
     D:7: 1897 daAuts
     D:4: 1646 daAuts
     D:5: 1641 daAuts
     D:1: 1456 daAuts
     D:2: 1408 daAuts
     D:6: 1292 daAuts
     D:3: 1146 daAuts
   Sewer: 312 daAuts
     D:8: 22 daAuts
